AoeStats
← 青山新雨 夜观星河

Nomad

506386799Analyzed
4v4 RM · 20d ago on Sep 13, 2026· 52m 16s· 8 players
Game mode
Random Map
Map size
231×231
Population
200
Speed
Normal
Resources
Standard
Victory
Conquest
Starting age
Dark Age
Ending age
Imperial Age
RankedLock teamsTeams togetherTeam positionsShared explorationLock speedFull tech treeHidden civsTurbo modeCheats
Victory
Defeat
🇧🇷 Mongols · Brazil
1137
+13
🇩🇪 Koreans · Germany
1114
+14
🇩🇪 Muisca · Germany
1031
+17
🇬🇧 Japanese · United Kingdom
1015
+18
1147
-19
🇨🇳 Huns · China
1069
-16
🇦🇷 Berbers · Argentina
1027
-14
🇸🇰 Persians · Slovakia
1000
-13
嬴政1号
14:35 Feudal Age
18:59 Castle Age
18:02 Double-Bit Axe
23:15 Wheelbarrow
23:44 Horse Collar
28:06 Heavy Plow
28:19 Bow Saw
29:49 Hand Cart
29:49 Gold Mining
29:49 Stone Mining
32:00 Gold Shaft Mining
31:15 Stone Mining
31:38 Scale Barding Armor
31:44 Forging
33:59 Loom
34:41 Chain Barding Armor
34:56 Iron Casting
34:52 Marauders
35:04 Husbandry
35:15 Bloodlines
37:39 Imperial Age
39:19 Elite Tarkan
40:20 Conscription
41:04 Two-Man Saw
41:07 Plate Barding Armor
41:34 Blast Furnace
48:25 Chemistry
47:46 Ballistics
marekrika
5:07 Loom
14:15 Feudal Age
15:37 Double-Bit Axe
17:27 Fishing Lines
19:16 Bloodlines
19:04 Horse Collar
22:51 Castle Age
21:45 Forging
22:48 Stone Mining
23:33 Medium Warships
23:16 Gillnets
24:28 Pikeman
29:14 Wheelbarrow
28:36 Gold Mining
33:28 Fletching
39:07 Imperial Age
36:38 Murder Holes
青山新雨 夜观星河
7:13 Loom
13:39 Feudal Age
19:02 Castle Age
17:11 Double-Bit Axe
18:38 Horse Collar
18:41 Fishing Lines
23:06 Bow Saw
26:44 Wheelbarrow
27:08 Medium Warships
29:37 Gillnets
36:42 Imperial Age
35:05 Padded Archer Armor
34:56 Fletching
35:30 Ballistics
36:25 Bodkin Arrow
36:46 Leather Archer Armor
38:10 Conscription
38:54 Chemistry
37:57 Bracer
39:15 Two-Man Saw
38:33 Hand Cart
39:25 Pirotechnia
41:41 Ring Archer Armor
41:17 Scale Barding Armor
41:50 Silk Road
42:05 Murder Holes
43:49 Chain Barding Armor
43:42 Bloodlines
42:53 Light Cavalry
47:01 Hussar
47:44 Husbandry
49:49 Plate Barding Armor
50:47 Thumb Ring
50:06 Elite Skirmisher
Mihuaaa
5:34 Loom
13:20 Feudal Age
19:07 Castle Age
17:18 Horse Collar
18:23 Double-Bit Axe
22:01 Bloodlines
21:55 Husbandry
25:01 Wheelbarrow
25:24 Bloodlines
26:01 Town Watch
32:28 Imperial Age
31:25 Hand Cart
31:21 Bow Saw
31:42 Forging
31:38 Scale Barding Armor
32:43 Cavalier
34:27 Chain Barding Armor
38:13 Plate Barding Armor
38:58 Gold Mining
39:00 Stone Mining
39:27 Fletching
astig_aoe
13:24 Feudal Age
11:44 Loom
18:31 Castle Age
18:15 Gold Mining
18:23 Stone Mining
18:28 Fletching
22:53 Double-Bit Axe
24:38 Bow Saw
25:25 Bodkin Arrow
26:46 Devotion
39:03 Ballistics
41:44 Imperial Age
40:47 Pikeman
42:17 Scale Mail Armor
45:32 Chemistry
49:22 Wheelbarrow
50:58 Conscription
51:42 Capped Ram
51:58 Elite War Wagon
Sam
3:59 Loom
13:23 Feudal Age
19:15 Castle Age
18:58 Stone Mining
19:03 Fletching
19:13 Padded Archer Armor
25:47 Double-Bit Axe
28:04 Bow Saw
28:43 Husbandry
28:59 Bloodlines
31:32 Gold Mining
31:31 Horse Collar
36:15 Bodkin Arrow
36:20 Padded Archer Armor
37:59 Wheelbarrow
37:09 Town Watch
38:30 Ballistics
41:18 Imperial Age
39:47 Wheelbarrow
39:47 Leather Archer Armor
41:01 Hand Cart
41:36 Forging
41:31 Scale Barding Armor
42:09 Heavy Plow
43:20 Chemistry
43:40 Conscription
43:56 Bracer
44:32 Parthian Tactics
43:54 Heavy Cavalry Archer
48:21 Scale Mail Armor
49:23 Careening
colafantahunter
16:50 Feudal Age
17:45 Double-Bit Axe
21:26 Castle Age
21:16 Fishing Lines
22:50 Bow Saw
22:24 Horse Collar
23:45 Gillnets
25:10 Heavy Plow
29:12 Wheelbarrow
28:43 Gold Mining
28:47 Stone Mining
31:27 Hand Cart
32:16 Stone Shaft Mining
32:21 Gold Shaft Mining
35:18 Imperial Age
32:35 Town Watch
32:36 Loom
33:03 Scale Mail Armor
33:22 Forging
33:39 Squires
34:48 Chain Mail Armor
35:10 Iron Casting
36:38 Conscription
36:50 Plate Mail Armor
35:57 Elite Temple Guard
Koopa
5:11 Loom
12:12 Feudal Age
12:38 Double-Bit Axe
12:39 Fishing Lines
19:55 Castle Age
18:25 Stone Mining
19:14 Gold Mining
19:25 Man-at-Arms
22:17 Town Watch
23:52 Fletching
23:44 Pikeman
26:15 Medium Warships
25:56 Gillnets
30:26 Scale Mail Armor
32:17 Arson
32:36 Squires
33:04 Horse Collar
35:00 Chain Mail Armor
34:56 Forging
34:37 Gambesons
36:19 Wheelbarrow
40:35 Imperial Age
39:08 Hand Cart
41:09 Iron Casting
40:36 Capped Ram
41:48 Conscription
43:47 Long Swordsman
44:46 Two-Handed Swordsman
47:33 Plate Mail Armor
48:56 Heavy Plow
49:08 Bow Saw
51:08 Gold Shaft Mining
51:40 Blast Furnace
51:13 Elite Samurai
Connection lost

Rejoining the realm…

Still unreachable

The connection could not be restored.

Session expired

The server has moved on; the page needs a fresh start.